 Dungeon Crawl Stone Soup version 0.27-a0-920-gb2bd10914a (webtiles) character file.

Game seed: 16464885643611938901

298 Lanoc the Charlatan (level 6, -4/47 HPs)
             Began as a Gnoll Artificer on Apr 9, 2021.
             Was a Priest of Lugonu.
             Killed from afar by an orc wizard (9 damage)
             ... with a magic dart
             ... on level 4 of the Dungeon.
             The game lasted 00:04:55 (4551 turns).

Lanoc the Charlatan (Gnoll Artificer)               Turns: 4551, Time: 00:04:56

Health: -4/47      AC:  4    Str: 11    XL:     6   Next: 36%
Magic:  8/8        EV: 10    Int: 11    God:    Lugonu [***...]
Gold:   134        SH:  7    Dex: 14    Spells: 8/8 levels left

rFire    . . .     SeeInvis .   f - +0 dagger (venom)
rCold    + . .     Faith    .   r - +0 kite shield
rNeg     . . .     Spirit   .   b - +0 leather armour
rPois    .         Reflect  .   l - +0 helmet
rElec    .         Harm     .   (no cloak)
rCorr    .         Rampage  .   (no gloves)
Will     .....                  (no boots)
Stlth    ++........             (no amulet)
HPRegen  0.15/turn              j - ring of protection from cold
MPRegen  0.11/turn              (no ring)

@: no status effects
A: fangs 1, strong nose, distributed training
a: Renounce Religion, Depart the Abyss, Bend Space, Banish


You were on level 4 of the Dungeon.
You worshipped Lugonu.
Lugonu was most pleased with you.
You visited 1 branch of the dungeon, and saw 4 of its levels.

You collected 134 gold pieces.

Inventory:

Hand Weapons
 f - a +0 dagger of venom (weapon)
Armour
 b - a +0 leather armour (worn)
 l - a +0 helmet (worn)
 r - a +0 kite shield (worn)
Jewellery
 j - a ring of protection from cold (left hand)
Wands
 c - a wand of flame (9) (quivered)
 d - a wand of charming (15)
 e - a wand of random effects (15)
 t - a wand of iceblast (6)
Scrolls
 g - 3 scrolls of identify {unknown}
 h - a scroll of enchant weapon {unknown}
 k - a scroll of amnesia {unknown}
 o - 2 scrolls of enchant armour {unknown}
Potions
 i - a potion of invisibility {unknown}
 m - a potion of attraction {unknown}
 n - 2 potions of berserk rage
 p - a potion of might {unknown}
 q - a potion of resistance {unknown}
 s - a potion of flight {unknown}


   Skills:
 + Level 3.2 Fighting
 + Level 1.9 Short Blades
 + Level 1.9 Long Blades
 + Level 1.9 Axes
 + Level 1.9 Maces & Flails
 + Level 1.9 Polearms
 + Level 1.9 Staves
 + Level 1.9 Slings
 + Level 1.9 Bows
 + Level 1.9 Crossbows
 + Level 1.9 Throwing
 + Level 5.0 Armour
 + Level 3.2 Dodging
 + Level 3.0 Stealth
 + Level 1.9 Shields
 + Level 1.9 Unarmed Combat
 + Level 1.9 Spellcasting
 + Level 1.5 Conjurations
 + Level 1.5 Hexes
 + Level 1.5 Summonings
 + Level 1.5 Necromancy
 + Level 1.5 Translocations
 + Level 1.5 Transmutations
 + Level 1.5 Fire Magic
 + Level 1.5 Ice Magic
 + Level 1.5 Air Magic
 + Level 1.5 Earth Magic
 + Level 1.5 Poison Magic
 + Level 2.1 Invocations
 + Level 6.8 Evocations


You had 8 spell levels left.
You didn't know any spells.
Your spell library contained the following spells:

 Spells                   Type           Power      Damage    Failure   Level
 Animate Skeleton         Necr           8%         N/A       73%         1
 Apportation              Tloc           8%         N/A       73%         1
 Corona                   Hex            4%         N/A       73%         1
 Summon Small Mammal      Summ           16%        N/A       73%         1
 Confusing Touch          Hex            4%         N/A       97%         3
 Gell's Gravitas          Tloc           2%         N/A       97%         3
 Petrify                  Tmut/Erth      4%         N/A       100%        4
 Metabolic Englaciation   Hex/Ice        2%         N/A       100%        5
 Yara's Violent Unravell  Hex/Tmut       2%         3d3       100%        5


Dungeon Overview and Level Annotations

Branches:
Dungeon (4/15)
 Temple: D:4-7

Altars:
Lugonu


Innate Abilities, Weirdness & Mutations

You have very sharp teeth.
Your uncanny sense of smell can sniff out nearby items.
Your experience applies equally to all skills.


Message History

The puff of flame hits you!
There is a stone staircase leading up, spattered with blood here.
You bump into the rock wall.
Something hits you.
You bump into the rock wall.
Something hits you but does no damage.
You bump into the rock wall.
Something hits you.
You feel less confused.
You hear some strange, mumbled words.
You are confused.
Things that are here:
a +0 ring mail; a +0 whip Something hits you.
Something hits you.
You barely miss something.
You hear some strange, mumbled words.
You are more confused.
You hear some strange, mumbled words.
You are more confused.
You bump into the rock wall.
You hear some strange, mumbled words.
A magic dart appears from out of thin air!
The magic dart hits you!
* * * LOW HITPOINT WARNING * * *
Something hits you.
* * * LOW HITPOINT WARNING * * *
It was a potion of cancellation.
Your magical effects are unravelling.
You feel magically purged.
You feel less confused. Something hits you but does no damage.
You miss something.
You hear some strange, mumbled words.
Something tries to affect you, but you resist.
You barely miss something. You block something's attack.
You hit something. Something hits you.
* * * LOW HITPOINT WARNING * * *
You closely miss something.
You hear some strange, mumbled words.
A magic dart appears from out of thin air!
The magic dart hits you!
You die...

∆ ##########
..[..<...########.#
.(.......##.).....#
............<#
.......@{##[##
........[<...#
#######.###### ....
∆ .....#. #######.#
. ∆ .# #


There were no monsters in sight!

Vanquished Creatures
  A black bear (D:4)
  An orc priest (D:3)
  Natasha (D:3)
  Robin (D:1)
  4 adders (D:3)
  5 dart slugs
  9 orcs
  5 endoplasms
  A giant cockroach (D:3)
  10 hobgoblins
  4 jackals
  9 quokkas
  10 ball pythons
  A bat (D:1)
  3 frilled lizards
  14 goblins
  5 kobolds
  7 rats
91 creatures vanquished.

Vanquished Creatures (others)
  2 fungi (D:1)
2 creatures vanquished.

Grand Total: 93 creatures vanquished

Notes
Turn   | Place    | Note
-------+----------+-------------------------------------------
     0 | D:1      | Lanoc the Gnoll Artificer began the quest for the Orb.
     0 | D:1      | Reached XP level 1. HP: 17/17 MP: 1/1
   230 | D:1      | Reached XP level 2. HP: 14/23 MP: 2/2
  1073 | D:1      | Reached XP level 3. HP: 28/28 MP: 3/3
  1317 | D:1      | Found a faded altar of an unknown god.
  1323 | D:1      | Became a worshipper of Lugonu the Unformed
  1323 | D:1      | Reached * piety under Lugonu
  1323 | D:1      | Reached ** piety under Lugonu
  1511 | D:2      | Noticed Robin
  1515 | D:2      | Reached skill level 1 in Invocations
  1754 | D:1      | Killed Robin
  1755 | D:1      | Reached skill level 1 in Short Blades
  1755 | D:1      | Reached skill level 1 in Long Blades
  1755 | D:1      | Reached skill level 1 in Axes
  1755 | D:1      | Reached skill level 1 in Maces & Flails
  1755 | D:1      | Reached skill level 1 in Polearms
  1755 | D:1      | Reached skill level 1 in Staves
  1755 | D:1      | Reached skill level 1 in Slings
  1755 | D:1      | Reached skill level 1 in Bows
  1755 | D:1      | Reached skill level 1 in Crossbows
  1755 | D:1      | Reached skill level 1 in Throwing
  1755 | D:1      | Reached skill level 1 in Shields
  1755 | D:1      | Reached skill level 1 in Unarmed Combat
  1755 | D:1      | Reached skill level 1 in Spellcasting
  1755 | D:1      | Reached XP level 4. HP: 18/34 MP: 5/5
  2640 | D:2      | Reached *** piety under Lugonu
  2983 | D:3      | Reached skill level 1 in Conjurations
  2983 | D:3      | Reached skill level 1 in Hexes
  2983 | D:3      | Reached skill level 1 in Summonings
  2983 | D:3      | Reached skill level 1 in Necromancy
  2983 | D:3      | Reached skill level 1 in Translocations
  2983 | D:3      | Reached skill level 1 in Transmutations
  2983 | D:3      | Reached skill level 1 in Fire Magic
  2983 | D:3      | Reached skill level 1 in Ice Magic
  2983 | D:3      | Reached skill level 1 in Air Magic
  2983 | D:3      | Reached skill level 1 in Earth Magic
  2983 | D:3      | Reached skill level 1 in Poison Magic
  3181 | D:3      | Reached XP level 5. HP: 6/40 MP: 5/7
  3734 | D:3      | Noticed Natasha
  3741 | D:3      | Killed Natasha
  3975 | D:4      | Noticed a black bear
  3985 | D:4      | Killed a black bear
  3986 | D:4      | Reached XP level 6. HP: 26/47 MP: 8/8
  3997 | D:3      | Reached skill level 5 in Armour
  4551 | D:4      | Killed from afar by an orc wizard

Illustrated notes

Levels and vault maps discovered:
D:1:      scummos_arrival_checkerplants, layout_loops_ring,
          shapermc_ecumenical_altar_hornbeckon
D:2:      layout_basic, minmay_puff, uniq_robin
D:3:      minmay_diamond_boxcup, layout_rooms, uniq_natasha
D:4:      layout_basic

Skill      XL: |  1  2  3  4  5  6 |
---------------+-------------------+-----
Invocations    | 1 2 |  2.1
Short Blades   | 1 |  1.9
Long Blades    | 1 |  1.9
Axes           | 1 |  1.9
Maces & Flails | 1 |  1.9
Polearms       | 1 |  1.9
Staves         | 1 |  1.9
Slings         | 1 |  1.9
Bows           | 1 |  1.9
Crossbows      | 1 |  1.9
Throwing       | 1 |  1.9
Shields        | 1 |  1.9
Unarmed Combat | 1 |  1.9
Spellcasting   | 1 |  1.9
Conjurations   | 1 |  1.5
Hexes          | 1 |  1.5
Summonings     | 1 |  1.5
Necromancy     | 1 |  1.5
Translocations | 1 |  1.5
Transmutations | 1 |  1.5
Fire Magic     | 1 |  1.5
Ice Magic      | 1 |  1.5
Air Magic      | 1 |  1.5
Earth Magic    | 1 |  1.5
Poison Magic   | 1 |  1.5
Fighting       | 3 |  3.2
Dodging        | 3 |  3.2
Stealth        | 3 |  3.0
Armour         | 5 |  5.0
Evocations     | |  6.8

Action                   |  1- 3 |  4- 6 || total
-------------------------+-------+-------++-------
Melee: Club              |    13 |       ||    13
       Dagger            |    90 |   179 ||   269
       Bite              |     4 |    13 ||    17
Evoke: Wand              |     2 |     4 ||     6
  Use: Potion            |       |     2 ||     2
 Stab: Sleeping          |     2 |     6 ||     8
Armor: Leather armour    |    28 |    40 ||    68
Dodge: Dodged            |    76 |    84 ||   160
Block: Kite shield       |       |    40 ||    40

Table legend: (Time is in decaauts)
 A = Elapsed time spent in this place.
 B = Non-inter-level travel time spent in this place.
 C = Inter-level travel time spent in this place.
 D = Time resting spent in this place.
 E = Time spent auto-exploring this place.
 F = Levels seen in this place.
 G = Mean time per level.
                   A        B        C        D        E       F      G
               +--------+--------+--------+--------+--------+-----+--------+
         Total |   4589 |   4553 |     36 |    802 |   3078 |   4 | 1147.2 |
       Dungeon |   4589 |   4553 |     36 |    802 |   3078 |   4 | 1147.2 |
               +--------+--------+--------+--------+--------+-----+--------+

Top non-repeatable levels by time:
     D:1: 1829 daAuts
     D:3: 1625 daAuts
     D:2: 1075 daAuts
     D:4: 59 daAuts
